[Event "Titled Tuesday Blitz February 22 Late 2022"]
[White "Romanchuk, Viktor"]
[Black "Pavlidou, Ekaterini"]
[WhiteFideId "14109271"]
[BlackFideId "4213262"]
[WhiteElo "2242"]
[BlackElo "2127"]
[Result "1-0"]
[Round "02"]
[TimeControl "180+1"]
[Date "2022.02.23"]
[WhiteClock "0:00:11"]
[BlackClock "0:00:22"]

1. d4 Nf6 2. c4 g6 3. Nc3 Bg7 4. Nf3 O-O 5. g3 d6 6. Bg2 c5 7. dxc5 dxc5 8. Qxd8 Rxd8 9. Ne5 Nbd7 10. Nd3 e5 11. O-O Re8 12. Na4 Bf8 13. Be3 Nb6 14. Naxc5 Nxc4 15. Bg5 Nd7 16. Nxb7 Rb8 17. b3 Na3 18. Na5 e4 19. Ne1 Ba6 20. Rd1 Ne5 21. Rd5 Bg7 22. Bxe4 Bxe2 23. Nd3 Bxf1 24. Kxf1 Nxd3 25. Bxd3 h6 26. Be3 Rbd8 27. Rxd8 Rxd8 28. Ke2 Bf8 29. Nc6 Rd7 30. Nxa7 f5 31. Nb5 Nxb5 32. Bxb5 Rb7 33. Bc4+ Kh7 34. h4 Be7 35. a4 g5 36. hxg5 hxg5 37. a5 Bd6 38. a6 Rb8 39. Bxg5 Bc5 40. Be3 Bxe3 41. Kxe3 Ra8 42. Kd4 Kg6 43. Kc5 Kf6 44. Kb6 Ke7 45. Kb7 Rd8 46. a7 Rd7+ 47. Kb6 Rd6+ 48. Kc5 Rd8 49. Bd5 Rc8+ 50. Bc6 Rxc6+ 51. Kxc6 f4 52. a8=Q fxg3 53. Qb7+ Kf6 54. fxg3 Kg5 55. Qb4 Kh6 56. Qc4 Kh5 57. b4 Kh6 58. b5 Kh5 59. b6 Kh6 60. b7 Kh5 61. b8=Q Kh6 62. Qd6+ 1-0


[Site "https://www.chess.com"]

[Event "Titled Tuesday Blitz February 22 Late 2022"]
[White "Romero Ruscalleda, Josep"]
[Black "Maltsevskaya, Aleksandra"]
[WhiteFideId "2231859"]
[BlackFideId "24174041"]
[WhiteElo "2371"]
[BlackElo "2283"]
[Result "0-1"]
[Round "02"]
[TimeControl "180+1"]
[Date "2022.02.23"]
[WhiteClock "0:00:07"]
[BlackClock "0:00:46"]

1. e4 c5 2. c3 e6 3. d4 d5 4. e5 Nc6 5. Be3 h5 6. Nf3 Nge7 7. Bd3 g6 8. dxc5 Nf5 9. Bxf5 gxf5 10. b4 Rg8 11. g3 a5 12. b5 Nb8 13. Nd4 Qc7 14. Qxh5 Bxc5 15. a4 Qxe5 16. Nd2 Nd7 17. N2f3 Qe4 18. O-O Qg4 19. Qxg4 fxg4 20. Nd2 Ne5 21. N2b3 Be7 22. Kg2 Bd7 23. Rfe1 Nc4 24. Bf4 Rc8 25. Rad1 Nb2 26. Rd2 Nxa4 27. Nxa5 Nxc3 28. Nxb7 Ne4 29. Rb2 f6 30. f3 gxf3+ 31. Nxf3 Kf7 32. Be3 Rb8 33. Na5 Bxb5 34. Reb1 Nc3 35. Nc6 Nxb1 36. Nxb8 Rxb8 37. Rxb1 e5 38. Bd2 d4 39. Nh4 Bc6+ 40. Kh3 Rxb1 0-1


[Site "https://www.chess.com"]

[Event "Titled Tuesday Blitz February 22 Late 2022"]
[White "Roque Sola, Gisela"]
[Black "Bettalli, Francesco"]
[WhiteFideId "5120241"]
[BlackFideId "2816453"]
[WhiteElo "1863"]
[BlackElo "2216"]
[Result "1-0"]
[Round "02"]
[TimeControl "180+1"]
[Date "2022.02.23"]
[WhiteClock "0:02:33"]
[BlackClock "0:01:37"]

1. e4 e5 2. Nf3 Nf6 3. Nxe5 Nc6 4. Nxc6 dxc6 5. Nc3 Bc5 6. Be2 h5 7. d3 Ng4 8. Bxg4 hxg4 9. Qe2 Qd4 10. Be3 Qb4 11. Bxc5 Qxb2 12. Kd2 Rxh2 13. Rxh2 Qxa1 14. Rh8+ Kd7 15. Qxg4+ 1-0


[Site "https://www.chess.com"]

[Event "Titled Tuesday Blitz February 22 Late 2022"]
[White "Rorrer, Grayson"]
[Black "Golubenko, Valentina"]
[WhiteFideId "30944996"]
[BlackFideId "4501993"]
[WhiteElo "2752"]
[BlackElo "2301"]
[Result "1/2-1/2"]
[Round "02"]
[TimeControl "180+1"]
[Date "2022.02.23"]
[WhiteClock "0:00:01"]
[BlackClock "0:00:11"]

1. e4 e6 2. d4 d5 3. Nd2 Nf6 4. e5 Nfd7 5. Bd3 c5 6. c3 Nc6 7. Ne2 cxd4 8. cxd4 f6 9. exf6 Nxf6 10. Nf3 Bd6 11. O-O Qc7 12. Be3 O-O 13. Rc1 a6 14. a3 Qe7 15. Bf4 e5 16. dxe5 Nxe5 17. Nxe5 Bxe5 18. Bxe5 Qxe5 19. Qd2 Bd7 20. Qb4 Ng4 21. g3 Nxf2 22. Rxf2 Qe3 23. Rf1 Rxf2 24. Rxf2 Qxd3 25. Qe7 Bf5 26. g4 Bg6 27. Qxb7 Re8 28. Qb4 Qd1+ 29. Kg2 Be4+ 30. Kh3 h6 31. Qd4 Bd3 32. Qxd5+ Kh7 33. Nf4 Bf1+ 34. Kg3 Re3+ 35. Kh4 Qe1 36. Qf5+ Kg8 37. Qd5+ Kh8 38. Ng6+ Kh7 39. Nf8+ Kh8 40. Ng6+ Kh7 41. Nf8+ Kh8 42. Ng6+ 1/2-1/2


[Site "https://www.chess.com"]

[Event "Titled Tuesday Blitz February 22 Late 2022"]
[White "Rosen, Eric"]
[Black "Kukhmazov, Arsen"]
[WhiteFideId "2032562"]
[BlackFideId "24108260"]
[WhiteElo "2362"]
[BlackElo "2487"]
[Result "0-1"]
[Round "02"]
[TimeControl "180+1"]
[Date "2022.02.22"]
[WhiteClock "0:00:02"]
[BlackClock "0:00:06"]

1. d4 d5 2. Bf4 Nf6 3. e3 c5 4. Nf3 Nc6 5. Nbd2 cxd4 6. exd4 Bf5 7. c3 e6 8. Be2 Bd6 9. Bxd6 Qxd6 10. O-O h6 11. a4 O-O 12. a5 Rac8 13. Re1 Rfe8 14. Qa4 Nd7 15. h3 Bg6 16. Nf1 Ne7 17. Bb5 Nc6 18. Ng3 a6 19. Be2 Ne7 20. Rad1 Red8 21. Rd2 Qc7 22. Qa3 Nc6 23. Ra1 Nf6 24. Rdd1 Ne8 25. Bd3 Bxd3 26. Rxd3 Nd6 27. Nd2 Nc4 28. Nxc4 dxc4 29. Re3 Rd5 30. Qa2 Nxa5 31. Rae1 Nb3 32. Ne4 Rcd8 33. Rg3 Ra5 34. Qb1 f5 35. Nf6+ Kf7 36. Nh5 g6 37. Qc2 e5 38. Qe2 e4 39. Qe3 Rh8 40. Nf4 Rg8 41. h4 Qd6 42. Nh3 Rh8 43. f3 exf3 44. Qxf3 Qc6 45. Qe3 Qf6 46. Qf2 Re8 47. Rf1 Re4 48. Nf4 g5 49. Nh5 Qg6 50. hxg5 hxg5 51. Rf3 f4 52. Ng3 Re6 53. Ne2 Rf6 54. d5 Rxd5 55. Nd4 Nxd4 56. cxd4 b5 57. Re1 Re6 58. Ra1 Re4 59. Rfa3 Rd6 60. d5 Re5 61. Qa7+ Kf6 62. Rh3 Rexd5 63. Rf1 Rd1 64. Qf2 Rxf1+ 65. Qxf1 Qe4 66. Kh2 Kf5 67. Qf2 Qd4 68. Qc2+ Qe4 69. Qf2 Qe5 70. Qf3 Rd3 71. Qh5 f3+ 72. Rg3 Ke6 73. Qe8+ Kd6 74. Qb8+ Kd5 75. Qb7+ Kd4 76. Qa7+ Ke4 77. Qb7+ Ke3 78. Qxf3+ Kd2 79. Qf2+ Kc1 80. Qf1+ Kxb2 81. Qf2+ Kb3 0-1


[Site "https://www.chess.com"]

[Event "Titled Tuesday Blitz February 22 Late 2022"]
[White "Rustemov, Alexander"]
[Black "Dubov, Daniil"]
[WhiteFideId "4119002"]
[BlackFideId "24126055"]
[WhiteElo "2695"]
[BlackElo "2791"]
[Result "0-1"]
[Round "02"]
[TimeControl "180+1"]
[Date "2022.02.22"]
[WhiteClock "0:00:12"]
[BlackClock "0:00:55"]

1. d4 Nf6 2. c4 g6 3. Nf3 Bg7 4. g3 b6 5. Bg2 Bb7 6. O-O O-O 7. d5 Na6 8. Nc3 Nc5 9. Nd4 e5 10. Nb3 d6 11. e4 Bc8 12. h3 Ne8 13. Be3 f5 14. Qd2 Nf6 15. Nxc5 bxc5 16. Rae1 Nh5 17. Bg5 Bf6 18. Bh6 Bg7 19. Bg5 Qd7 20. exf5 gxf5 21. Qe2 Qf7 22. g4 Qg6 23. gxh5 Qxg5 24. f4 Qh6 25. Nb5 Rf7 26. Kh1 e4 27. Rg1 a6 28. Nc3 Bd7 29. Bf1 Qxf4 30. Qg2 Qh6 31. Ne2 Kh8 32. Ng3 Rg8 33. Qf2 Bd4 0-1


[Site "https://www.chess.com"]

[Event "Titled Tuesday Blitz February 22 Late 2022"]
[White "Rytenko, Vsevolod"]
[Black "Aggelis, Nikolaos"]
[WhiteFideId "14133040"]
[BlackFideId "4213220"]
[WhiteElo "2144"]
[BlackElo "2154"]
[Result "1-0"]
[Round "02"]
[TimeControl "180+1"]
[Date "2022.02.23"]
[WhiteClock "0:00:22"]
[BlackClock "0:00:25"]

1. d3 Nf6 2. Nf3 d5 3. g3 g6 4. Bg2 Bg7 5. O-O O-O 6. c4 dxc4 7. dxc4 Qxd1 8. Rxd1 Nc6 9. Nc3 Be6 10. Bf4 Bxc4 11. Bxc7 Rac8 12. Bf4 Rfe8 13. Ne5 Nxe5 14. Bxe5 b6 15. Bb7 Rcd8 16. Bc6 Rf8 17. b3 Ba6 18. Nb5 Bxb5 19. Bxb5 Nd5 20. Bxg7 Kxg7 21. Bc4 Nc3 22. Rdc1 Ne4 23. f3 Nd6 24. Ba6 Rd7 25. Kf2 Rfd8 26. Rd1 Nf5 27. Rxd7 Rxd7 28. g4 Nd4 29. Rd1 Rd6 30. e3 Nb5 31. Rxd6 Nxd6 32. Ke2 e5 33. Kd3 f5 34. g5 h6 35. h4 hxg5 36. hxg5 Kf7 37. Bc4+ Ke7 38. f4 exf4 39. exf4 Ne4 40. Kd4 Nc5 41. Bd5 Ne6+ 42. Ke5 Nc7 43. Bc4 Ne8 44. Bg8 Ng7 45. a4 a5 46. Kd5 Nh5 47. Ke5 Ng7 48. Bc4 Nh5 49. Be2 Ng7 50. Bc4 Nh5 51. Bd5 Ng7 52. Bf3 Ne6 53. Be2 Ng7 54. Bd1 Ne6 55. Bc2 Ng7 56. Kd5 Ne6 57. Ke5 Ng7 58. Bd1 Ne6 59. Kd5 Nxf4+ 60. Kc6 Ne6 61. Kxb6 Nxg5 62. Kxa5 Ne4 63. Kb6 g5 64. a5 Nd6 65. a6 g4 66. a7 Nc8+ 67. Kb7 Nxa7 68. Kxa7 Kf6 69. b4 Kg5 70. b5 f4 71. b6 f3 72. b7 f2 73. Be2 f1=Q 74. Bxf1 1-0


[Site "https://www.chess.com"]

[Event "Titled Tuesday Blitz February 22 Late 2022"]
[White "Sanchez Alvares, Kelvin Antonio"]
[Black "Zhou, Qiyu"]
[WhiteFideId "3906680"]
[BlackFideId "505161"]
[WhiteElo "2193"]
[BlackElo "1925"]
[Result "0-1"]
[Round "02"]
[TimeControl "180+1"]
[Date "2022.02.23"]
[WhiteClock "0:00:08"]
[BlackClock "0:00:07"]

1. d4 Nf6 2. c4 e6 3. Nf3 b6 4. g3 Ba6 5. Qc2 c6 6. Nbd2 d5 7. Bg2 Be7 8. O-O O-O 9. b3 Nbd7 10. e4 dxe4 11. Nxe4 Nxe4 12. Qxe4 Rc8 13. Bb2 Nf6 14. Qe2 c5 15. Rad1 cxd4 16. Rxd4 Qc7 17. Qe5 Bb7 18. Rfd1 Bc5 19. Qxc7 Rxc7 20. Rd8 Rc8 21. Rxf8+ Kxf8 22. Ne5 Bxg2 23. Kxg2 Ke7 24. f3 Rc7 25. h4 g6 26. g4 Nd7 27. Nd3 Bd6 28. Kf2 Nc5 29. Ne5 Nd7 30. Nd3 Nc5 31. Nc1 Rd7 32. Kg2 Bf4 33. Rxd7+ Kxd7 34. Ne2 Be3 35. Bc3 Nd3 36. Kf1 f5 37. Ng3 Bf4 38. Ne2 Be5 39. Bd2 Bf6 40. h5 Ne5 41. hxg6 hxg6 42. g5 Nxf3 43. Bf4 Bxg5 44. Bxg5 Nxg5 45. Nf4 e5 46. Nxg6 Kd6 47. Ke2 Ne4 48. Nh4 Ke6 49. Kd3 Nc5+ 50. Ke3 Na6 51. a3 Nc5 52. b4 f4+ 53. Ke2 Ne4 54. Kd3 Nf2+ 55. Ke2 Ne4 56. Kf3 Nc3 57. Ng6 Nb1 58. a4 Nd2+ 59. Ke2 Nxc4 60. Kd3 Nd6 61. Nf8+ Kd5 62. Nd7 e4+ 63. Kc3 f3 64. Nf6+ Ke5 65. Ng4+ Kf4 66. Nf2 e3 67. Nd3+ Kg3 68. Kd4 f2 69. Kxe3 f1=Q 70. Ne5 Nf5+ 71. Ke4 Qf4+ 72. Kd5 Ne3+ 73. Ke6 Qe4 74. Kd6 Qd5+ 0-1


[Site "https://www.chess.com"]

[Event "Titled Tuesday Blitz February 22 Late 2022"]
[White "Sarenac, Ivan"]
[Black "Hakobyan, Aram"]
[WhiteFideId "938165"]
[BlackFideId "13306677"]
[WhiteElo "2311"]
[BlackElo "2557"]
[Result "1/2-1/2"]
[Round "02"]
[TimeControl "180+1"]
[Date "2022.02.22"]
[WhiteClock "0:00:06"]
[BlackClock "0:00:08"]

1. e4 c5 2. Nc3 d6 3. f4 g6 4. Nf3 Bg7 5. Bb5+ Bd7 6. Bc4 Nc6 7. O-O Nd4 8. Nxd4 cxd4 9. Ne2 d3 10. Bxd3 Nf6 11. Nc3 O-O 12. Bc4 b5 13. Bd5 Rc8 14. d3 b4 15. Ne2 Nxd5 16. exd5 Ba4 17. f5 Qa5 18. Qe1 Rxc2 19. a3 Qxd5 20. Nf4 Qxf5 21. axb4 Bc6 22. Rf2 Rxf2 23. Qxf2 e5 24. Nh3 Qxd3 25. Be3 d5 26. Bxa7 d4 27. Bc5 Ra8 28. Rxa8+ Bxa8 29. Ng5 Bd5 30. h3 h6 31. Nf3 Qb1+ 32. Ne1 Qf5 33. Qxf5 gxf5 34. Kf2 e4 35. Nc2 e3+ 36. Ke2 Bc4+ 37. Kd1 e2+ 38. Kd2 d3 39. Ne1 Bf6 40. Be3 Bg5 41. Bxg5 hxg5 42. b3 Bb5 43. Nf3 f6 44. Nd4 Bd7 45. Nf3 Bc6 46. Nd4 Be4 47. b5 Kf7 48. b6 Ke7 49. b4 Kd6 50. b5 Kc5 51. Nxf5 Kxb6 52. Ng3 Bg6 53. Nh1 Kxb5 54. Nf2 f5 55. Nxd3 Bh5 56. Nc1 Kc4 57. Nxe2 Kd5 58. Ng3 Bg6 59. Ke2 f4 60. Nf1 Kd4 61. Kf2 Kd3 62. g3 Ke4 63. gxf4 Kxf4 64. Nh2 Bf5 65. Nf3 Bxh3 66. Nxg5 1/2-1/2


[Site "https://www.chess.com"]

[Event "Titled Tuesday Blitz February 22 Late 2022"]
[White "Sarkar, Justin"]
[Black "Zeynalli, Rashad"]
[WhiteFideId "2010011"]
[BlackFideId "13403320"]
[WhiteElo "2038"]
[BlackElo "2125"]
[Result "0-1"]
[Round "02"]
[TimeControl "180+1"]
[Date "2022.02.23"]
[WhiteClock "0:01:17"]
[BlackClock "0:02:15"]

1. e4 e5 2. f4 exf4 3. Nc3 Qh4+ 4. Ke2 d5 5. Nf3 Qe7 6. d3 dxe4 7. dxe4 Nc6 8. Bxf4 Bg4 9. Kf2 Nf6 10. Nd5 Nxe4+ 11. Kg1 Qc5+ 12. Be3 O-O-O 0-1


[Site "https://www.chess.com"]

[Event "Titled Tuesday Blitz February 22 Late 2022"]
[White "Savchenko, Boris"]
[Black "Zlatin, Alexander"]
[WhiteFideId "4147332"]
[BlackFideId "2810549"]
[WhiteElo "2512"]
[BlackElo "2228"]
[Result "1-0"]
[Round "02"]
[TimeControl "180+1"]
[Date "2022.02.23"]
[WhiteClock "0:00:21"]
[BlackClock "0:00:10"]

1. c4 e6 2. b3 d5 3. Bb2 Nf6 4. Nf3 c5 5. cxd5 exd5 6. e3 Nc6 7. Be2 Be7 8. O-O O-O 9. d4 b6 10. Nc3 Bb7 11. Rc1 Rc8 12. Re1 Ne4 13. dxc5 Nxc3 14. Bxc3 bxc5 15. Qd2 Qd6 16. Ba1 f6 17. Red1 Rfd8 18. h3 Ne5 19. Bxe5 fxe5 20. e4 d4 21. Bc4+ Kh8 22. Re1 Rf8 23. Qd3 Rf4 24. g3 Rff8 25. Rc2 Rcd8 26. Kg2 Qf6 27. Nh2 h5 28. h4 g6 29. Rf1 Bc8 30. f4 exf4 31. Rxf4 Qg7 32. Rcf2 Bd6 33. e5 Bb7+ 34. Kg1 Bxe5 35. Rf7 Qh6 36. Rxf8+ Rxf8 37. Rxf8+ Qxf8 38. Qxg6 Qd6 39. Qg8# 1-0


[Site "https://www.chess.com"]

[Event "Titled Tuesday Blitz February 22 Late 2022"]
[White "Saveliev, Alexei"]
[Black "Sarana, Alexey"]
[WhiteFideId "24128546"]
[BlackFideId "24133795"]
[WhiteElo "2281"]
[BlackElo "2665"]
[Result "0-1"]
[Round "02"]
[TimeControl "180+1"]
[Date "2022.02.22"]
[WhiteClock "0:00:03"]
[BlackClock "0:00:03"]

1. c4 e5 2. Nc3 Bb4 3. Qc2 Nc6 4. Nf3 Nf6 5. e3 Bxc3 6. Qxc3 Qe7 7. d4 exd4 8. Nxd4 Ne4 9. Qd3 O-O 10. Be2 Nxd4 11. Qxd4 b6 12. O-O Bb7 13. b3 f5 14. Bb2 d6 15. Bf3 Rae8 16. Rad1 Rf6 17. b4 Rg6 18. g3 h5 19. Bxh5 Ng5 20. f3 c5 21. bxc5 bxc5 22. Qc3 Qe6 23. h4 Nf7 24. Bxg6 Qxg6 25. Kh2 Ne5 26. Rd2 Bxf3 27. Rdf2 Ng4+ 28. Kh3 Rxe3 29. Rxf3 Rxc3 30. Bxc3 Qe6 31. Re1 Qxc4 32. Re7 Qd5 33. Rxg7+ Kf8 34. Rf1 Qd3 35. Rf4 Ke8 36. Ba5 Qd1 0-1


[Site "https://www.chess.com"]

[Event "Titled Tuesday Blitz February 22 Late 2022"]
[White "Schut, Han"]
[Black "Batsiashvili, Nino"]
[WhiteFideId "1005561"]
[BlackFideId "13602993"]
[WhiteElo "2057"]
[BlackElo "2230"]
[Result "1/2-1/2"]
[Round "02"]
[TimeControl "180+1"]
[Date "2022.02.23"]
[WhiteClock "0:00:03"]
[BlackClock "0:00:16"]

1. e4 e5 2. Nf3 Nc6 3. Bc4 Nf6 4. d4 exd4 5. e5 d5 6. Bb5 Nd7 7. O-O Ndb8 8. Nxd4 a6 9. Bxc6+ Nxc6 10. Re1 Nxd4 11. Qxd4 c5 12. Qf4 Be6 13. c4 dxc4 14. Be3 Qc7 15. Qg3 O-O-O 16. Nc3 Rd3 17. Rac1 Be7 18. Ne4 Rhd8 19. b3 cxb3 20. axb3 Rxb3 21. Qxg7 c4 22. Bg5 Kb8 23. Bxe7 Qxe7 24. Nd6 Rxd6 25. exd6 Qxd6 26. Qh8+ Ka7 27. Qxh7 Qc5 28. Qe4 Rb2 29. Qe3 Qxe3 30. Rxe3 b5 31. h4 b4 32. h5 c3 33. Rxe6 fxe6 34. h6 c2 35. Kh2 b3 36. h7 Rb1 37. h8=Q Rxc1 38. Qd4+ Kb7 39. Qb4+ Kc6 40. Qc4+ Kd6 41. Qf4+ Kd5 42. Qxc1 Kc4 43. Qb2 a5 44. Kg3 a4 45. Kf3 Kb4 46. Qd4+ Ka3 47. Qa1+ Kb4 48. Ke3 a3 49. Qd4+ Kb5 50. Qd3+ Kb4 51. Qd4+ Kb5 52. Qd3+ Kb4 53. Qd4+ 1/2-1/2


[Site "https://www.chess.com"]

[Event "Titled Tuesday Blitz February 22 Late 2022"]
[White "Sevian, Samuel"]
[Black "Yuan, Qingyu"]
[WhiteFideId "2040506"]
[BlackFideId "8609772"]
[WhiteElo "2698"]
[BlackElo "2359"]
[Result "1-0"]
[Round "02"]
[TimeControl "180+1"]
[Date "2022.02.22"]
[WhiteClock "0:02:33"]
[BlackClock "0:00:16"]

1. d4 d5 2. c4 e6 3. g3 dxc4 4. Bg2 c5 5. Nf3 Nc6 6. Qa4 cxd4 7. Qxc4 Nf6 8. O-O Be7 9. Bf4 Nd5 10. Nxd4 Nxd4 11. Qxd4 Nxf4 12. Qxd8+ Bxd8 13. gxf4 Bd7 14. Nc3 Rc8 15. Rac1 Bc6 16. Nb5 O-O 17. Bxc6 bxc6 18. Nxa7 Ra8 19. Nxc6 Bf6 20. b4 Rxa2 21. e3 g6 22. b5 Rfa8 23. b6 Rb2 24. Rb1 Rxb1 25. Rxb1 Ra1 26. Rxa1 Bxa1 27. b7 Be5 28. fxe5 1-0


[Site "https://www.chess.com"]

[Event "Titled Tuesday Blitz February 22 Late 2022"]
[White "Shahaliyev, Ismayil"]
[Black "Baker, Chris W"]
[WhiteFideId "13406388"]
[BlackFideId "401676"]
[WhiteElo "2105"]
[BlackElo "2239"]
[Result "1-0"]
[Round "02"]
[TimeControl "180+1"]
[Date "2022.02.23"]
[WhiteClock "0:01:38"]
[BlackClock "0:01:38"]

1. e4 e5 2. Nf3 Nc6 3. Bb5 a6 4. Ba4 Nf6 5. d3 b5 6. Bb3 Be7 7. a3 O-O 8. Nc3 d6 9. h3 Na5 10. Ba2 c5 11. Bg5 Bb7 12. Nh2 b4 13. axb4 cxb4 14. Bxf6 Bxf6 15. Nd5 Bxd5 16. Bxd5 Rc8 17. Ng4 Be7 18. Ne3 Qb6 19. O-O Bg5 20. Nf5 Nc6 21. Qg4 Bf6 22. Nh6+ Kh8 23. Nxf7+ Rxf7 24. Qxc8+ 1-0


[Site "https://www.chess.com"]

[Event "Titled Tuesday Blitz February 22 Late 2022"]
[White "Shirov, Alexei"]
[Black "Buscar, Michael"]
[WhiteFideId "2209390"]
[BlackFideId "2603616"]
[WhiteElo "2783"]
[BlackElo "2414"]
[Result "1-0"]
[Round "02"]
[TimeControl "180+1"]
[Date "2022.02.23"]
[WhiteClock "0:00:14"]
[BlackClock "0:00:12"]

1. d4 d5 2. c4 e6 3. Nc3 a6 4. cxd5 exd5 5. Bf4 Nf6 6. Nf3 Be7 7. e3 O-O 8. Bd3 Nbd7 9. O-O Re8 10. Rc1 c6 11. Re1 Nf8 12. h3 g6 13. Ne5 Ne6 14. Bh2 Ng7 15. f4 Bf5 16. Bf1 Ne4 17. g4 Nxc3 18. Rxc3 Be4 19. Qb3 f6 20. Nd3 Qd7 21. Nf2 Bd6 22. Nxe4 Rxe4 23. Bg2 Re7 24. e4 Rae8 25. e5 fxe5 26. dxe5 Bb8 27. Rf1 Ne6 28. f5 Nd4 29. Qd1 Nb5 30. e6 Bxh2+ 31. Kxh2 Qd6+ 32. Rg3 Rf8 33. Qd2 Nc7 34. Rf3 Qe5 35. Kh1 Kh8 36. Qh6 Qg7 37. Qh4 g5 38. Qh5 Rf6 39. h4 Rh6 40. f6 Rxf6 41. Rxf6 Qxf6 42. hxg5 Qxe6 43. Rf3 Qe1+ 44. Kh2 Qe5+ 45. Kh3 Qg7 46. Qh6 Ne6 47. Kh4 Kg8 48. Qf6 Nf8 49. Qd6 Ng6+ 50. Kh5 Ne5 51. Qd8+ Re8 52. Qxe8+ Qf8 53. Qxf8# 1-0


[Site "https://www.chess.com"]

[Event "Titled Tuesday Blitz February 22 Late 2022"]
[White "Sjugirov, Sanan"]
[Black "Gomez Ledo, Roberto Carlos"]
[WhiteFideId "4189302"]
[BlackFideId "3507076"]
[WhiteElo "2602"]
[BlackElo "2379"]
[Result "1-0"]
[Round "02"]
[TimeControl "180+1"]
[Date "2022.02.22"]
[WhiteClock "0:01:28"]
[BlackClock "0:00:47"]

1. Nf3 Nf6 2. g3 d5 3. Bg2 e6 4. O-O Be7 5. c4 O-O 6. b3 b6 7. cxd5 Nxd5 8. Bb2 c5 9. d4 Bb7 10. dxc5 Bxc5 11. Nbd2 Nd7 12. a3 a5 13. e4 N5f6 14. e5 Nd5 15. Re1 Be7 16. Nc4 Nc5 17. Nd4 Rc8 18. Nb5 Ba6 19. Nbd6 Rb8 20. Bxd5 exd5 21. Qxd5 Nxb3 22. Rad1 Nc5 23. Ne3 Bxd6 24. exd6 Bb7 25. Qh5 Qd7 26. Nf5 Ne6 27. Qg4 f6 28. Rxe6 Kh8 29. Re7 1-0


[Site "https://www.chess.com"]

[Event "Titled Tuesday Blitz February 22 Late 2022"]
[White "Stanisz, Patryk"]
[Black "Kopczynski, Michal"]
[WhiteFideId "1123106"]
[BlackFideId "1124200"]
[WhiteElo "1876"]
[BlackElo "2235"]
[Result "0-1"]
[Round "02"]
[TimeControl "180+1"]
[Date "2022.02.23"]
[WhiteClock "0:00:02"]
[BlackClock "0:01:32"]

1. Nf3 d6 2. b3 e5 3. Bb2 f5 4. g3 Nf6 5. Bg2 Be7 6. O-O O-O 7. d3 Nc6 8. c4 h6 9. Nfd2 f4 10. Ne4 fxg3 11. hxg3 Bf5 12. Nbd2 Qd7 13. Nxf6+ Bxf6 14. Ne4 Bh3 15. e3 Bxg2 16. Kxg2 Rf7 17. d4 exd4 18. exd4 d5 19. Nc5 Qf5 20. Nxb7 dxc4 21. bxc4 Rb8 22. Qe2 Rxb7 23. Ba3 Rb8 24. Bc5 Bxd4 25. Bxd4 Nxd4 26. Qe3 c5 27. Rac1 Rb2 28. Qe8+ Rf8 29. Qe3 Rxa2 30. Kg1 Ne2+ 0-1


[Site "https://www.chess.com"]

[Event "Titled Tuesday Blitz February 22 Late 2022"]
[White "Suder, Jakub"]
[Black "Adury, Anant"]
[WhiteFideId "1195310"]
[BlackFideId "30964687"]
[WhiteElo "2058"]
[BlackElo "2299"]
[Result "1-0"]
[Round "02"]
[TimeControl "180+1"]
[Date "2022.02.23"]
[WhiteClock "0:01:40"]
[BlackClock "0:01:38"]

1. d4 Nf6 2. c4 e6 3. Nc3 Bb4 4. f3 d5 5. a3 Bxc3+ 6. bxc3 c5 7. cxd5 exd5 8. e3 O-O 9. Bd3 b6 10. Ne2 Ba6 11. O-O Re8 12. Ng3 Qc8 13. e4 dxe4 14. fxe4 Qg4 15. Rf3 Bxd3 16. Qxd3 Nxe4 17. Rf4 c4 18. Rxg4 cxd3 19. Rxe4 1-0


[Site "https://www.chess.com"]

[Event "Titled Tuesday Blitz February 22 Late 2022"]
[White "Svane, Rasmus"]
[Black "Shuvalova, Polina"]
[WhiteFideId "4657101"]
[BlackFideId "24171760"]
[WhiteElo "2645"]
[BlackElo "2355"]
[Result "1-0"]
[Round "02"]
[TimeControl "180+1"]
[Date "2022.02.22"]
[WhiteClock "0:00:16"]
[BlackClock "0:00:05"]

1. Nf3 Nf6 2. g3 d5 3. Bg2 g6 4. O-O Bg7 5. c4 c6 6. Qb3 O-O 7. d4 a5 8. Rd1 a4 9. Qb4 dxc4 10. Qxc4 Nbd7 11. e3 Nb6 12. Qe2 Bf5 13. Nc3 Ne4 14. Nh4 Nxc3 15. bxc3 Be6 16. Nf3 Bc4 17. Qc2 Qc7 18. Ba3 Rfe8 19. Nd2 Bd5 20. e4 Be6 21. Qd3 Rad8 22. Qe2 Bc8 23. e5 Be6 24. Ne4 Bc4 25. Qc2 Bd5 26. Bc5 Nc4 27. Bb4 b6 28. Qe2 c5 29. dxc5 bxc5 30. Rxd5 cxb4 31. Rc5 Qa7 32. Qxc4 bxc3 33. Qxc3 Rb8 34. h4 h6 35. Rd1 a3 36. Rc7 Qb6 37. Kh2 Qe6 38. Qxa3 Bxe5 39. Rc2 Qg4 40. Qf3 Qxh4+ 41. Kg1 Qh5 42. Qxh5 gxh5 43. a4 Ra8 44. Ra2 Ra5 45. Nd2 Rd8 46. Bf3 Bc3 47. Nb3 Rxd1+ 48. Bxd1 Ra7 49. a5 e5 50. a6 f5 51. Be2 Kf8 52. Na5 e4 53. Nc6 Ra8 54. Bb5 Ke8 55. Nd4+ Kd8 56. Nxf5 Kc7 57. Bc4 Kb6 58. Bd5 Rd8 59. a7 1-0


[Site "https://www.chess.com"]

[Event "Titled Tuesday Blitz February 22 Late 2022"]
[White "Szalay, Karoly"]
[Black "Guliyev, Namig"]
[WhiteFideId "2600544"]
[BlackFideId "13400363"]
[WhiteElo "2479"]
[BlackElo "2789"]
[Result "0-1"]
[Round "02"]
[TimeControl "180+1"]
[Date "2022.02.23"]
[WhiteClock "0:00:02"]
[BlackClock "0:00:41"]

1. e4 c5 2. Nf3 d6 3. d4 cxd4 4. Nxd4 Nf6 5. Nc3 a6 6. Bg5 e6 7. f3 Nbd7 8. Qd2 b5 9. O-O-O Bb7 10. h4 Rc8 11. g4 b4 12. Nce2 Qa5 13. Kb1 d5 14. Bxf6 gxf6 15. Ng3 dxe4 16. Nxe4 Bxe4 17. fxe4 Ne5 18. g5 Be7 19. Bh3 Nc4 20. Qe2 Qe5 21. Qh5 O-O 22. Rd3 Rcd8 23. Rhd1 Bc5 24. Qg4 Kh8 25. c3 bxc3 26. Rxc3 Rxd4 27. Rdc1 Nd2+ 28. Ka1 Nxe4 29. R3c2 f5 30. Qh5 Rb4 31. Bg2 Rxb2 32. Rxb2 Ba3 33. Rc2 Rb8 34. Qe2 Bxb2+ 35. Rxb2 Qc3 36. Kb1 Nd2+ 0-1


[Site "https://www.chess.com"]

[Event "Titled Tuesday Blitz February 22 Late 2022"]
[White "Tan, Jun Ying"]
[Black "Lopez Del Alamo, Antonio"]
[WhiteFideId "5710413"]
[BlackFideId "2227339"]
[WhiteElo "1827"]
[BlackElo "2082"]
[Result "1-0"]
[Round "02"]
[TimeControl "180+1"]
[Date "2022.02.23"]
[WhiteClock "0:00:42"]
[BlackClock "0:00:06"]

1. d4 Nf6 2. c4 g6 3. Nc3 Bg7 4. e4 d6 5. Nf3 O-O 6. Be2 e5 7. O-O Nc6 8. d5 Ne7 9. b4 a5 10. Ba3 axb4 11. Bxb4 b6 12. a4 Re8 13. Re1 Bf8 14. Bf1 c5 15. dxc6 Nxc6 16. Ba3 Be6 17. Nb5 Na5 18. Nxd6 Bxd6 19. Bxd6 Nxc4 20. Bxc4 Bxc4 21. Nxe5 Be6 22. Nf3 Bg4 23. e5 Nd7 24. Qd4 Be6 25. h4 Qc8 26. Rec1 Qa6 27. h5 Nc5 28. Bxc5 bxc5 29. Rxc5 Red8 30. Qf4 1-0


[Site "https://www.chess.com"]

[Event "Titled Tuesday Blitz February 22 Late 2022"]
[White "Tanenbaum, Zachary"]
[Black "Chyngyz, Sultai"]
[WhiteFideId "2060850"]
[BlackFideId "13803158"]
[WhiteElo "2168"]
[BlackElo "1339"]
[Result "0-1"]
[Round "02"]
[TimeControl "180+1"]
[Date "2022.02.23"]
[WhiteClock "0:00:03"]
[BlackClock "0:00:47"]

1. e4 c5 2. Nf3 d6 3. d4 cxd4 4. Nxd4 Nf6 5. Nc3 a6 6. Be3 e5 7. Nb3 Be6 8. h3 Be7 9. f4 exf4 10. Bxf4 O-O 11. Qe2 Nc6 12. O-O-O Qc7 13. g4 b5 14. g5 Nd7 15. Kb1 Bc4 16. Qg2 Nde5 17. Bxc4 bxc4 18. Nd5 Qb7 19. Nd4 Nxd4 20. Rxd4 Rab8 21. b3 cxb3 22. axb3 a5 23. Nf6+ Kh8 24. Bxe5 dxe5 25. Rd7 Qb4 26. Nd5 Qa3 27. Rxe7 a4 28. Rf1 axb3 29. c3 b2 30. Nb4 Rxb4 31. cxb4 Qa1+ 32. Kc2 Rc8+ 33. Kb3 b1=Q+ 34. Rxb1 Qxb1+ 35. Ka4 Ra8+ 36. Kb5 Qd3+ 37. Kc5 Qd4+ 38. Kc6 Ra6+ 39. Kc7 Qb6+ 40. Kd7 Ra7+ 41. Ke8 Qb8+ 42. Kxf7 Qg8# 0-1


[Site "https://www.chess.com"]